 Dungeon Crawl Stone Soup version 0.26-a0-812-g31a745ddcd (webtiles) character file.

Game seed: 2744275693857656365

894 loralnil the Skirmisher (level 8, -4/63 HPs)
             Began as a Formicid Abyssal Knight on Dec 2, 2020.
             Was a Priest of Lugonu.
             Slain by an ogre
             ... wielding a +0 giant club
              (25 damage)
             ... on level 5 of the Dungeon.
             The game lasted 00:08:40 (4605 turns).

loralnil the Skirmisher (Formicid Abyssal Knight)   Turns: 4605, Time: 00:08:40

Health: -4/63      AC:  8    Str: 18    XL:     8   Next: 27%
Magic:  11/11      EV:  8    Int: 13    God:    Lugonu [***...]
Gold:   284        SH:  7    Dex: 10    Spells: 7/7 levels left

rFire    + + .     SeeInvis +   c - +0 war axe
rCold    . . .     Faith    .   u - +0 kite shield
rNeg     + . .     Spirit   .   i - +1 scale mail {rPois}
rPois    +         Reflect  .   (helmet unavailable)
rElec    .         Harm     .   h - scarf {repulsion}
rCorr    .         Rampage  .   (no gloves)
MR       .....                  (no boots)
Stlth    ..........             o - amulet of magic regeneration
HPRegen  0.20/turn              g - ring of positive energy
MPRegen  0.37/turn              m - ring of protection from fire (curse)

@: repel missiles
A: permanent stasis, dig shafts and tunnels, four strong arms, antennae 3,
hooves 1, fire resistance 1
a: Dig, Shaft Self, Depart the Abyss, Bend Space, Banish, Renounce Religion


You were on level 5 of the Dungeon.
You worshipped Lugonu.
Lugonu was most pleased with you.
You visited 1 branch of the dungeon, and saw 5 of its levels.
You visited the Abyss 1 time.

You collected 284 gold pieces.

Inventory:

Hand Weapons
 c - a +0 war axe (weapon)
Armour
 h - a scarf of repulsion (worn)
 i - a +1 scale mail of poison resistance (worn)
 u - a +0 kite shield (worn)
Jewellery
 g - a ring of positive energy (left hand)
 m - a cursed ring of protection from fire (right hand)
 o - an amulet of magic regeneration (around neck)
Wands
 k - a wand of acid (9)
Scrolls
 a - a scroll of noise {unknown}
 f - 2 scrolls of magic mapping {unknown}
 j - 3 scrolls of enchant armour
 l - a scroll of remove curse {unknown}
 s - a scroll of enchant weapon {unknown}
Potions
 b - 3 potions of curing
 d - 2 potions of flight
 e - 3 potions of brilliance
 n - a potion of mutation
 p - 2 potions of heal wounds
 q - a potion of lignification
 r - a potion of might {unknown}
 t - 2 potions of ambrosia


   Skills:
 + Level 5.4 Fighting
 + Level 4.3 Axes
 + Level 4.7 Armour
 + Level 3.5 Dodging
 + Level 0.0 Shields
 + Level 5.1 Invocations


You had 7 spell levels left.
You didn't know any spells.
Your spell library was empty.

Dungeon Overview and Level Annotations

Branches:
Dungeon (5/15)
 Temple: D:4-7

Altars:


Innate Abilities, Weirdness & Mutations

You cannot be hasted, slowed, berserked, paralysed or teleported.
You can dig through walls and to a lower floor.
Your four strong arms can wield two-handed weapons with a shield.
You have a pair of large antennae on your head. (SInv)
You have large cloven feet.
Your flesh is heat resistant. (rF+)


Message History

Setting a skill training target for Shields at 9.0.
An ogre comes into view. It is wielding a +0 giant club.
The ogre shouts!
An ogre is nearby!
You hit the ogre but do no damage. The ogre barely misses you.
You slash the ogre! You kick the ogre.
The ogre is moderately wounded.
You block the ogre's attack.
You closely miss the ogre.
The ogre is moderately wounded.
The ogre hits you with a +0 giant club!!
The ogre hits you with a +0 giant club!
Your shield and scale mail prevent you from hitting the ogre.
Your kick misses the ogre.
The ogre is moderately wounded.
The ogre hits you with a +0 giant club!
You hit the ogre.
The ogre is heavily wounded.
The ogre hits you with a +0 giant club!!
You die...

## ###.## ##.... ####....#
#.......#####
#.......(..##
#....O.......
##....@...!....
#..............# ###
##..............# #.##
#..............# ##..#
#..............# #...#
#...#..........#####...#
.....###...........##....#
..... #.........#..#....#
.... ##.....[.....###..#


You could see an ogre.

Vanquished Creatures
  Duvessa (D:4)
  2 sky beasts (D:5)
  An ogre (D:4)
  Dowan (D:4)
  A scorpion (D:4)
  A centaur zombie (D:5)
  A bullfrog skeleton (D:5)
  An iguana (D:4)
  2 orc wizards (D:5)
  3 worker ants
  2 hound skeletons
  8 adders
  2 white imps (D:5)
  An ooze (D:3)
  2 dart slugs
  5 leopard geckos
  3 orcs
  10 bats
  3 giant cockroaches
  12 hobgoblins
  4 quokkas
  5 frilled lizards
  10 goblins
  8 kobolds
  8 rats
97 creatures vanquished.

Notes
Turn   | Place    | Note
-------+----------+-------------------------------------------
     0 | Abyss:1  | loralnil the Formicid Abyssal Knight began the quest for
                  | the Orb.
     0 | Abyss:1  | Reached XP level 1. HP: 18/18 MP: 2/2
    83 | D:1      | Escaped the Abyss
   116 | D:1      | Reached skill level 1 in Dodging
   199 | D:1      | Reached XP level 2. HP: 24/24 MP: 3/3
   510 | D:1      | Reached XP level 3. HP: 25/29 MP: 4/4
   916 | D:2      | Reached ** piety under Lugonu
  1298 | D:2      | Reached XP level 4. HP: 32/37 MP: 6/6
  1951 | D:3      | Reached XP level 5. HP: 37/42 MP: 7/7
  2945 | D:4      | Noticed Dowan
  2947 | D:4      | Noticed Duvessa
  2953 | D:4      | Reached XP level 6. HP: 48/48 MP: 8/8
  2966 | D:4      | Killed Duvessa
  3213 | D:4      | Killed Dowan
  3306 | D:4      | Reached XP level 7. HP: 44/55 MP: 10/10
  3424 | D:4      | Reached *** piety under Lugonu
  3622 | D:4      | Reached skill level 5 in Fighting
  3955 | D:5      | Entered Level 5 of the Dungeon
  4096 | D:5      | Gained mutation: Your flesh is heat resistant. (rF+)
                  | [potion of mutation]
  4096 | D:5      | Gained mutation: You have large cloven feet. [potion of
                  | mutation]
  4278 | D:5      | Reached XP level 8. HP: 55/62 MP: 11/11
  4341 | D:5      | Reached skill level 5 in Invocations
  4605 | D:5      | Slain by an ogre

Illustrated notes

Levels and vault maps discovered:
D:1:      evilmike_arrival_crescent, layout_rooms
D:2:      layout_loops_cross, kennysheep_generic_room_11
D:3:      layout_loops_ring, minmay_pentangle
D:4:      layout_basic, kennysheep_donut, uniq_duvessa
D:5:      layout_cave_pods, nrook_mini_backslash

Skill      XL: |  1  2  3  4  5  6  7  8 |
---------------+-------------------------+-----
Dodging        | 1 2 3 |  3.5
Invocations    | 3 4 5 |  5.1
Armour         | 3 4 |  4.7
Fighting       | 4 5 |  5.4
Axes           | 3 4 |  4.3

Action                   |  1- 3 |  4- 6 |  7- 9 || total
-------------------------+-------+-------+-------++-------
Melee: Hand axe          |    79 |    11 |       ||    90
       War axe           |       |   145 |   122 ||   267
       Kick              |       |       |    14 ||    14
Invok: Bend Space        |       |     1 |       ||     1
  Use: Scroll            |       |     5 |     5 ||    10
       Potion            |       |     1 |     1 ||     2
Armor: Leather armour    |    23 |     1 |       ||    24
       Scale mail        |       |    78 |    75 ||   153
Dodge: Dodged            |    53 |   108 |    72 ||   233
       Repelled          |       |       |     1 ||     1
Block: Kite shield       |       |       |     1 ||     1

Table legend: (Time is in decaauts)
 A = Elapsed time spent in this place.
 B = Non-inter-level travel time spent in this place.
 C = Inter-level travel time spent in this place.
 D = Time resting spent in this place.
 E = Time spent auto-exploring this place.
 F = Levels seen in this place.
 G = Mean time per level.
                   A        B        C        D        E       F      G
               +--------+--------+--------+--------+--------+-----+--------+
         Total |   4711 |   4620 |     91 |      0 |   3638 |   6 |  785.2 |
       Dungeon |   4628 |   4537 |     91 |      0 |   3587 |   5 |  925.6 |
         Abyss |     83 |     83 |      0 |      0 |     51 |   1 |   83.0 |
               +--------+--------+--------+--------+--------+-----+--------+

Top non-repeatable levels by time:
     D:3: 1345 daAuts
     D:4: 903 daAuts
     D:2: 869 daAuts
     D:1: 841 daAuts
     D:5: 669 daAuts
 Abyss:1: 83 daAuts
